 Dungeon Crawl Stone Soup version 0.30-a0-737-gf23d94013f (webtiles) character file.

Game seed: 13487138765153330970

2331 Lavandula the Carver (level 9, -7/63 HPs)
             Began as a Human Monk on Feb 2, 2023.
             Was a Priest of Elyvilon.
             Mangled by a two-headed ogre
             ... wielding a +0 giant club
              (11 damage)
             ... on level 8 of the Dungeon.
             The game lasted 00:21:11 (7384 turns).

Lavandula the Carver (Human Monk)                   Turns: 7384, Time: 00:21:12

Health: -7/63      AC: 12    Str: 11    XL:     9   Next: 70%
Magic:  8/9        EV: 13    Int: 10    God:    Elyvilon [***...]
Gold:   121        SH:  0    Dex: 21    Spells: 6/8 levels left

rFire   . . .      SeeInvis .    d - +0 falchion
rCold   . . .      Faith    .    (no shield)
rNeg    . . .      Spirit   .    a - +1 steam dragon scales
rPois   .          Reflect  .    q - +2 helmet
rElec   .          Harm     .    (no cloak)
rCorr   .          Rampage  .    (no gloves)
Will    .....                    k - +2 pair of boots
Stlth   ++                       (no amulet)
HPRegen 0.30/turn                o - ring of wizardry
MPRegen 0.11/turn                (no ring)

@: no status effects
A: no striking features
a: Renounce Religion, Purification, Heal Other, Heal Self


You were on level 8 of the Dungeon.
You worshipped Elyvilon.
Elyvilon was most pleased with you.
You visited 2 branches of the dungeon, and saw 9 of its levels.

You collected 352 gold pieces.
You spent 231 gold pieces at shops.

Inventory:

Hand Weapons
 d - a +0 falchion (weapon)
 u - a +0 dagger
Missiles
 g - 5 poisoned darts (quivered)
Armour
 a - +1 steam dragon scales (worn)
 k - a +2 pair of boots (worn)
 p - a +1 leather armour of fire resistance
 q - a +2 helmet (worn)
Jewellery
 n - a ring of ice
 o - a ring of wizardry (left hand)
Wands
 c - a wand of charming (9)
 t - a wand of flame (18)
Scrolls
 h - a scroll of fog {unknown}
 i - a scroll of poison
 l - a scroll of magic mapping {unknown}
 s - 5 scrolls of vulnerability
Potions
 b - a potion of brilliance
 e - a potion of cancellation {unknown}
 f - 3 potions of haste
 j - 3 potions of heal wounds
 r - 2 potions of flight
 v - a potion of attraction {unknown}
 w - a potion of magic


   Skills:
 - Level 3.0 Fighting
 - Level 3.7(8.6) Short Blades
 - Level 12.0(12.2) Long Blades
 - Level 3.0 Dodging
 - Level 2.0 Stealth


You had 6 spell levels left.
You knew the following spells:

 Your Spells              Type           Power      Damage    Failure   Level
a - Blink                 Tloc           0%         N/A       22%         2

Your spell library contained the following spells:

 Spells                   Type           Power      Damage    Failure   Level
 Summon Small Mammal      Summ           0%         N/A       16%         1
 Call Canine Familiar     Summ           0%         N/A       41%         3
 Kindle Blastsparks       Fire/Tloc/Air  0%         2d10      41%         3
 Summon Guardian Golem    Hex/Summ       0%         N/A       41%         3
 Animate Armour           Summ/Erth      0%         N/A       80%         4
 Iskenderun's Mystic Bla  Conj/Tloc      0%         2d3       80%         4
 Lee's Rapid Deconstruct  Erth           0%         3d4*      98%         5
 Statue Form              Tmut/Erth      0%         N/A       100%        6
 Malign Gateway           Summ/Tloc      0%         N/A       100%        7
 Orb of Destruction       Conj           0%         9d5       100%        7
 Spellforged Servitor     Conj/Summ      0%         N/A       100%        7


Dungeon Overview and Level Annotations

Branches:
Dungeon (8/15)             Temple (1/1) D:4
   Lair: D:8-11

Altars:
Ashenzari
Cheibriados
Dithmenos
Elyvilon
Gozag
Hepliaklqana
Kikubaaqudgha
Nemelex Xobeh
Okawaru
Sif Muna
Uskayaw
Vehumet
Wu Jian
Xom
Yredelemnul
Zin
The Shining One

Shops:
D:5 *   D:6 *   D:7 (

Annotations:
D:3 1 runed translucent door, Crazy Yiuf
D:4 Natasha


Message History

An orc wizard appears from thin air!
Aiming: Charm
Press: ? - help, Shift-Dir - straight line, f/p - two-headed ogre
Aim: a two-headed ogre, wielding a +0 giant club and a +0 giant spiked club (severely wounded, chance to affect: 31%)
Okay, then.
The orc wizard casts a spell.
The orc wizard flickers and vanishes!
Deactivating autopickup; reactivate with Ctrl-A.
The orc barely misses you.
Okay, then.
Okay, then.
Okay, then.
Aiming: Throw Flame
Press: ? - help, Shift-Dir - straight line, f/p - two-headed ogre
Aim: a two-headed ogre, wielding a +0 giant club and a +0 giant spiked club (severely wounded, 85% to hit)
The puff of flame hits the two-headed ogre.
The two-headed ogre is severely wounded.
The orc closely misses you.
The orc wizard gestures wildly while chanting.
The orc wizard flickers and vanishes!
Aiming: Throw Flame
Press: ? - help, Shift-Dir - straight line, f/p - two-headed ogre
Aim: a two-headed ogre, wielding a +0 giant club and a +0 giant spiked club (severely wounded, 85% to hit)
Okay, then.
You hit the two-headed ogre.
The two-headed ogre is severely wounded.
The orc hits you with a +0 war axe.
* * * LOW HITPOINT WARNING * * *
The two-headed ogre hits you with a +0 giant club!
Elyvilon protects you from harm!
The two-headed ogre hits you but does no damage.
You hit the two-headed ogre.
The two-headed ogre is severely wounded.
The orc barely misses you.
You hit the two-headed ogre but do no damage.
The two-headed ogre is severely wounded.
The two-headed ogre hits you with a +0 giant club.
* * * LOW HITPOINT WARNING * * *
The two-headed ogre hits you with a +0 giant spiked club!
You die...

#.# #(#
#(#####.#
#####(....#(#
+.....###.#.#
#####.# #.#
..#####.###.#.#
............#.#
..#####.#####O#
######)#####@#
............o.#
.....(.########
....(.. ~..(...
....... ......!
.......


You could see a two-headed ogre and an orc.

Vanquished Creatures
  4 steam dragons
  Menkaure (D:7)
  A water moccasin (D:7)
  An ice beast (D:7)
  An ogre (D:6)
  A centaur (D:7)
  3 kobold brigands
  2 necrophages
  3 scorpions
  2 bullfrogs (D:6)
  A howler monkey (D:4)
  A gnoll bouda (D:6)
  4 orc priests
  5 iguanas
  6 orc wizards
  7 gnolls
  6 adders
  A worm (D:2)
  2 dart slugs
  17 orcs
  9 ball pythons
  5 endoplasms
  2 giant cockroaches
  4 goblins
  6 hobgoblins
  12 kobolds
  2 bats
  2 frilled lizards (D:2)
  2 rats
113 creatures vanquished.

Vanquished Creatures (collateral kills)
  Natasha (D:4)
  A gnoll (D:4)
  An orc (D:4)
3 creatures vanquished.

Vanquished Creatures (others)
  A hound (D:4)
  An iguana (D:4)
  Natasha (D:4)
  3 orcs (D:7)
6 creatures vanquished.

Grand Total: 122 creatures vanquished

Notes
Turn   | Place    | Note
-------+----------+-------------------------------------------
     0 | D:1      | Lavandula the Human Monk began the quest for the Orb.
     0 | D:1      | Reached XP level 1. HP: 18/18 MP: 1/1
   178 | D:1      | Got Yrequeki's Tome of the Mutable Crater
   277 | D:1      | Reached XP level 2. HP: 24/24 MP: 2/2
   319 | D:1      | Got the Treatise on Shifting
  1037 | D:2      | Reached skill level 4 in Long Blades
  1037 | D:2      | Reached XP level 3. HP: 23/29 MP: 3/3
  1317 | D:2      | Reached XP level 4. HP: 35/35 MP: 4/4
  1760 | D:3      | Found a shadowy altar of Dithmenos.
  1760 | D:3      | Found an ornate altar of the Wu Jian Council.
  1827 | D:3      | Found a faded altar of an unknown god.
  1904 | D:3      | Identified the +2 hand axe of Fortitude {speed, rPois}
  2197 | D:3      | Found a runed translucent door.
  2198 | D:3      | Noticed Crazy Yiuf
  2228 | D:4      | Reached skill level 5 in Long Blades
  2267 | D:4      | Reached XP level 5. HP: 37/41 MP: 5/5
  2330 | D:4      | Noticed a yak
  2333 | D:4      | Noticed a yak
  2333 | D:4      | Noticed a yak
  2667 | D:4      | Reached skill level 6 in Long Blades
  2671 | D:4      | Reached XP level 6. HP: 33/47 MP: 6/6
  2672 | D:4      | Found a staircase to the Ecumenical Temple.
  2682 | Temple   | Entered the Ecumenical Temple
  2786 | Temple   | Became a worshipper of Elyvilon the Healer
  2786 | Temple   | Reached * piety under Elyvilon
  2786 | Temple   | Reached ** piety under Elyvilon
  3152 | D:4      | Noticed Natasha
  3189 | D:4      | Killed Natasha
  3190 | D:4      | Reached skill level 1 in Short Blades
  3197 | D:4      | Was placed under penance by Elyvilon
  3405 | D:4      | Noticed Natasha
  3460 | D:4      | Your ally Natasha died
  3646 | D:4      | Reached XP level 7. HP: 34/52 MP: 7/7
  3836 | D:4      | Noticed Natasha
  3851 | D:5      | Entered Level 5 of the Dungeon
  3922 | D:5      | Found an opulent altar of Gozag.
  3926 | D:5      | Found Gozag's Platinum Reserve.
  4576 | D:5      | Was forgiven by Elyvilon
  4586 | D:5      | Reached skill level 7 in Long Blades
  4824 | D:5      | Found an iron altar of Okawaru.
  5191 | D:6      | Noticed a steam dragon
  5198 | D:6      | Killed a steam dragon
  5199 | D:6      | Reached XP level 8. HP: 56/58 MP: 8/8
  5231 | D:6      | Reached skill level 8 in Long Blades
  5456 | D:6      | Reached skill level 9 in Long Blades
  5624 | D:6      | Found Cuxzopp's Assorted Antiques.
  5628 | D:6      | Bought a scroll labelled ILIHAMNOTOSI for 21 gold pieces
  5628 | D:6      | Bought a potion of heal wounds for 105 gold pieces
  5628 | D:6      | Bought a potion of heal wounds for 105 gold pieces
  6036 | D:6      | Reached skill level 10 in Long Blades
  6036 | D:6      | Reached XP level 9. HP: 52/63 MP: 9/9
  6412 | D:7      | Found Bonyrefu's Weapon Shoppe.
  6415 | D:7      | Noticed Menkaure
  6425 | D:7      | Killed Menkaure
  6429 | D:7      | Reached skill level 11 in Long Blades
  6957 | D:7      | Reached *** piety under Elyvilon
  7110 | D:7      | Reached skill level 12 in Long Blades
  7114 | D:7      | Learned a level 2 spell: Blink
  7290 | D:8      | Noticed a two-headed ogre
  7338 | D:8      | HP: 3/63 [two-headed ogre/+0 giant club (26)]
  7374 | D:8      | Elyvilon protects you from harm!
  7382 | D:8      | Elyvilon protects you from harm!
  7384 | D:8      | Mangled by a two-headed ogre

Illustrated notes

Levels and vault maps discovered:
D:1:      nicolae_arrival_washed_ashore, layout_basic, grunt_decor_mini_mirrors,
          kennysheep_boxes
D:2:      layout_basic, dk_vineyard_3
D:3:      layout_loops_ring, gammafunk_temple_overflow_pools,
          ebering_ecumenical_altar_sacrificial, hex_large,
          uniq_crazy_yiuf_cottage
D:4:      layout_cave_pools, minmay_temple_entry_grid, serial_shops,
          nicolae_shop_stone, dk_noncrumbling_3, uniq_natasha
D:5:      layout_basic, nicolae_gozag_zags_fifth_avenue, kennysheep_mini_moat,
          serial_glass, glass_columns_a, glass_columns_b
D:6:      layout_loops_ring, serial_shops, nicolae_shop_crystal
D:7:      layout_cave_pools, serial_shops, nicolae_shop_waterfront,
          uniq_menkaure
D:8:      layout_basic, grunt_qazlal_sundering, david_lair_shrubbed,
          serial_shops, nicolae_shop_hallway_plus
Temple:   nicolae_temple_two_arcs

Skill      XL: |  1  2  3  4  5  6  7  8  9 |
---------------+----------------------------+-----
Long Blades    | 4 5 6 7 10 12 | 12.0
Short Blades   | 3 |  3.7
Fighting       | |  3.0
Dodging        | |  3.0
Stealth        | |  2.0

Action                     |  1- 3 |  4- 6 |  7- 9 || total
---------------------------+-------+-------+-------++-------
  Melee: Falchion          |    67 |    55 |   340 ||   462
         Punch             |     1 |     5 |     4 ||    10
         Dagger            |       |   128 |    43 ||   171
  Throw: Dart              |     4 |    10 |    16 ||    30
 Invoke: Heal Self         |       |       |     1 ||     1
  Evoke: Wand              |       |    10 |     2 ||    12
    Use: Scroll            |     5 |     8 |     4 ||    17
         Potion            |       |     7 |     1 ||     8
   Stab: Sleeping          |     2 |     2 |     3 ||     7
 Armour: Scale mail        |    19 |       |       ||    19
         Robe              |     1 |       |       ||     1
         Ring mail         |     2 |     1 |       ||     3
         Leather armour    |       |    52 |    23 ||    75
         Steam dragon scal |       |       |    90 ||    90
         Skin              |       |       |     5 ||     5
  Dodge: Dodged            |    32 |    80 |   239 ||   351

Table legend: (Time is in decaauts)
 A = Elapsed time spent in this place.
 B = Non-inter-level travel time spent in this place.
 C = Inter-level travel time spent in this place.
 D = Time resting spent in this place.
 E = Time spent auto-exploring this place.
 F = Levels seen in this place.
 G = Mean time per level.
                   A        B        C        D        E       F      G
               +--------+--------+--------+--------+--------+-----+--------+
         Total |   7269 |   6833 |    436 |    798 |   4355 |   9 |  807.7 |
       Dungeon |   7154 |   6730 |    424 |    798 |   4268 |   8 |  894.2 |
        Temple |    114 |    102 |     12 |      0 |     87 |   1 |  114.0 |
               +--------+--------+--------+--------+--------+-----+--------+

Top non-repeatable levels by time:
     D:5: 1429 daAuts
     D:3: 1290 daAuts
     D:6: 1100 daAuts
     D:4: 914 daAuts
     D:7: 809 daAuts
     D:2: 746 daAuts
     D:1: 741 daAuts
     D:8: 122 daAuts
  Temple: 114 daAuts
